 Dungeon Crawl Stone Soup version 0.17-a0-1115-g0372368 (webtiles) character file.

2751 onwiheg the Geomancer (level 9, 0/62 HPs)
             Began as a Demigod Earth Elementalist on May 23, 2015.
             Slain by an orc warrior
             ... wielding a +2 war axe of chopping
              (3 damage)
             ... on level 7 of the Dungeon.
             The game lasted 00:25:48 (5976 turns).

onwiheg the Geomancer (Demigod Earth Elementalist)  Turns: 5976, Time: 00:25:48

Health: 0/62       AC:  8    Str: 11    XL:     9   Next: 18%
Magic:  24/32      EV: 12    Int: 25    God:
Gold:   234        SH:  0    Dex: 16    Spells: 3 memorised, 5 levels left

rFire  . . .     SeeInvis +     a - 187 stones
rCold  + . .     Clarity  .     b - +0 robe
rNeg   . . .     SustAt   +     (no shield)
rPois  +         Gourm    .     (no helmet)
rElec  .         Spirit   .     w - +0 cloak
rCorr  .         Warding  .     p - +2 pair of gloves
rMut   +         Stasis   .     l - +0 pair of boots
MR     ++...                    G - amulet of resist mutation
Stlth  ++........               J - ring "Kuxupt" {+Fly rC+ MR++ MP+9 AC+1}
                                R - ring of Teih {rPois MP+9 SInv}

@: very resistant to hostile enchantments, unstealthy
A: high mp 1, sustain attributes
a: Evoke Flight


You were on level 7 of the Dungeon.
You were hungry.

You visited 1 branch of the dungeon, and saw 7 of its levels.

You collected 260 gold pieces.
You spent 26 gold pieces at shops.

Inventory:

Hand weapons
 v - a +2 quarterstaff of chaos
Missiles
 a - 187 stones (in hand)
 e - 81 poisoned needles
 C - 8 needles of confusion
 L - 4 javelins of returning
 Q - 14 javelins
 T - 3 needles of frenzy
Armour
 b - a +0 robe (worn)
 l - a +0 pair of boots (worn)
 p - a +2 pair of gloves (worn)
 w - a +0 cloak (worn)
Jewellery
 G - an amulet of resist mutation (around neck)
 J - the ring "Kuxupt" (right hand) {+Fly rC+ MR++ MP+9 AC+1}
   (You took it off a hobgoblin on level 5 of the Dungeon)

   [ring of protection]

   It affects your AC (+1).
   It protects you from cold.
   It affects your resistance to hostile enchantments.
   It affects your magic capacity (+9).
   It lets you fly.
 K - an uncursed ring of protection from fire {unknown}
 O - an uncursed ring of ice {unknown}
 R - the ring of Teih (left hand) {rPois MP+9 SInv}
   (You found it on level 6 of the Dungeon)

   [ring of see invisible]

   It protects you from poison.
   It affects your magic capacity (+9).
   It lets you see invisible.
 S - an uncursed ring of positive energy {unknown}
Magical devices
 i - a wand of fireball (7)
 t - a wand of confusion (32)
 E - a wand of flame (22)
Scrolls
 f - 5 scrolls of remove curse
 k - 2 scrolls of fear {unknown}
 m - 5 scrolls of teleportation
 n - 2 scrolls of enchant armour
 o - 2 scrolls of fog {unknown}
 s - a scroll of magic mapping {unknown}
 y - 4 scrolls of immolation
 z - 3 scrolls of recharging {unknown}
 F - a scroll of summoning {unknown}
 I - a scroll of vulnerability {unknown}
 P - 3 scrolls of enchant weapon {unknown}
Potions
 j - 2 potions of curing
 q - 2 potions of invisibility {unknown}
 r - 2 potions of heal wounds {unknown}
 u - 3 potions of ambrosia
 x - a potion of haste
 B - 2 potions of resistance {unknown}
 D - 4 potions of might {unknown}
 H - a potion of poison {unknown}
 N - 2 potions of brilliance {unknown}
Books
 c - a book of Geomancy

   Spells                             Type                      Level
   a - Sandblast                      Earth                        1
   b - Stoneskin                      Transmutation/Earth          2
   c - Passwall                       Transmutation/Earth          3
   d - Stone Arrow                    Conjuration/Earth            3
   e - Petrify                        Transmutation/Earth          4
   f - Lee's Rapid Deconstruction     Earth                        5
 M - a book of Changes

   Spells                             Type                      Level
   a - Beastly Appendage              Transmutation                1
   b - Sticks to Snakes               Transmutation                2
   c - Spider Form                    Transmutation/Poison         3
   d - Ice Form                       Ice/Transmutation            4
   e - Blade Hands                    Transmutation                5
 U - Vehumet's Reference Book on Battle Magic
   (You found it on level 7 of the Dungeon)

   Spells                             Type                      Level
   a - Magic Dart                     Conjuration                  1
 V - Sif Muna's Papyrus of Changing
   (You found it on level 7 of the Dungeon)

   Spells                             Type                      Level
   a - Beastly Appendage              Transmutation                1
 W - Kikubaaqudgha's Catalogue of Darkness
   (You found it on level 7 of the Dungeon)

   Spells                             Type                      Level
   a - Pain                           Necromancy                   1
Comestibles
 d - 6 bread rations
 g - a slice of pizza
 h - 3 meat rations
 A - 4 beef jerkies


   Skills:
 - Level 1.7 Dodging
 - Level 1.7 Stealth
 - Level 1.7 Spellcasting
 - Level 0.8 Transmutations
 + Level 11.9 Earth Magic


You had 5 spell levels left.
You knew the following spells:

 Your Spells              Type           Power        Failure   Level  Hunger
a - Sandblast             Erth           ######       1%          1    #......
b - Stoneskin             Trmt/Erth      ####....     1%          2    ##.....
c - Stone Arrow           Conj/Erth      ####..       3%          3    ###....


Dungeon Overview and Level Annotations

Branches:
Dungeon (7/15)             Temple (0/1) D:6

Shops:
D:5 *

Annotations:
D:7 Menkaure


Innate Abilities, Weirdness & Mutations

You have an increased reservoir of magic (+10% MP).
Your attributes are resistant to harm.


Message History

Casting: Sandblast
Confirm with . or Enter, or press ? or * to list all spells.
Aiming: Sandblast
Press: ? - help, Shift-Dir - straight line, f/p - orc warrior
Aim: an orc warrior, wielding a war axe of chopping and wearing a chain mail (almost dead)
The rocky blast hits the orc warrior.
The orc warrior is almost dead.
The orc warrior closely misses you.
Evoke which item? (* to show all) (? for menu, Esc to quit)
Okay, then.
Drink which item? (? for menu, Esc to quit)
Okay, then.
Casting: Sandblast
Confirm with . or Enter, or press ? or * to list all spells.
Aiming: Sandblast
Press: ? - help, Shift-Dir - straight line, f/p - orc warrior
Aim: an orc warrior, wielding a war axe of chopping and wearing a chain mail (almost dead)
The rocky blast misses the orc warrior.
The orc warrior hits you with a war axe of chopping.
You die...

#.##.# #.# #.##.# #.#
#.##.#########.###
#.##..............
#.############.### #.# #.# #.#
#######.### #.# #.......... #@#
#.#####.### #### ######o# #.# #.#
##... ...##.# ###.#####.#
##...########.##.# #.......#.###
......†)††.÷.....# #.#.###.#....
.#..)########)#######<.<.##.#.###
.##.# #######†# #.......)....# #
..#.###.......# #.##....##..># #
#.......#####)# #.##.#.......# #


You could see an orc warrior.

Vanquished Creatures
  The ghost of 4thArraOfDagon the Skirmisher, an average FoAK of Lugonu (D:4)
  Sigmund (D:3)
  The ghost of Baka the Grave Robber, an average DENe (D:3)
  A black bear (D:6)
  3 phantoms
  A centaur (D:7)
  5 ogres
  A scorpion (D:5)
  3 wights (D:7)
  6 killer bees (D:7)
  3 crimson imps
  3 giant frog zombies
  An orc priest (D:5)
  A hound (D:6)
  5 orc wizards
  Crazy Yiuf (D:2)
  Natasha (thrice) (D:2)
  7 worker ants
  A killer bee zombie (D:4)
  A hound skeleton (D:5)
  4 gnolls (D:7)
  A worker ant zombie (D:6)
  11 adders
  A shadow imp (D:5)
  3 adder zombies (D:7)
  4 worms (D:2)
  9 giant geckos
  A giant gecko (shapeshifter) (D:6)
  20 orcs
  8 bats
  2 bat skeletons
  A bat zombie (D:7)
  8 hobgoblins
  14 kobolds
  2 quokkas
  A ball python (D:2)
  6 giant cockroaches
  A giant gecko skeleton (D:4)
  4 giant newts
  11 goblins
  10 jackals
  6 rats
177 creatures vanquished.

Vanquished Creatures (others)
  A scorpion (D:6)
1 creature vanquished.

Grand Total: 178 creatures vanquished

Notes
Turn   | Place    | Note
--------------------------------------------------------------
     0 | D:1      | onwiheg the Demigod Earth Elementalist began the quest for the Orb.
     0 | D:1      | Reached XP level 1. HP: 14/14 MP: 5/5
   193 | D:1      | Reached skill level 3 in Earth Magic
   522 | D:1      | Reached XP level 2. HP: 20/20 MP: 5/7
   958 | D:2      | Noticed Natasha
   964 | D:2      | Killed Natasha
   964 | D:2      | Reached skill level 4 in Earth Magic
   964 | D:2      | Reached XP level 3. HP: 19/26 MP: 1/8
  1106 | D:2      | Noticed Natasha
  1108 | D:2      | Killed Natasha
  1210 | D:2      | Reached XP level 4. HP: 33/33 MP: 7/9
  1245 | D:2      | Found an opulent altar of Gozag.
  1248 | D:2      | Found a stormy altar of Qazlal.
  1249 | D:2      | Found a glowing silver altar of Zin.
  1249 | D:2      | Found a blossoming altar of Fedhas.
  1249 | D:2      | Found a white marble altar of Elyvilon.
  1252 | D:2      | Found a shimmering altar of Xom.
  1254 | D:2      | Found a glowing golden altar of the Shining One.
  1291 | D:2      | Noticed Natasha
  1295 | D:2      | Killed Natasha
  1347 | D:2      | Noticed Crazy Yiuf
  1350 | D:2      | Killed Crazy Yiuf
  1350 | D:2      | Reached skill level 5 in Earth Magic
  1836 | D:3      | Noticed Baka's ghost (average DENe)
  1846 | D:3      | Killed Baka's ghost
  1846 | D:3      | Reached skill level 6 in Earth Magic
  1846 | D:3      | Reached XP level 5. HP: 21/38 MP: 1/10
  2042 | D:3      | Found a burning altar of Makhleb.
  2050 | D:3      | Noticed Sigmund
  2061 | D:3      | Killed Sigmund
  2061 | D:3      | Reached XP level 6. HP: 31/45 MP: 7/11
  2453 | D:4      | Reached skill level 7 in Earth Magic
  2812 | D:4      | Noticed 4thArraOfDagon's ghost (average FoAK)
  2819 | D:4      | Killed 4thArraOfDagon's ghost
  2819 | D:4      | Reached skill level 8 in Earth Magic
  2819 | D:4      | Reached XP level 7. HP: 26/50 MP: 5/12
  3518 | D:4      | Found an iron altar of Okawaru.
  3519 | D:4      | Found a sparkling altar of Nemelex Xobeh.
  3631 | D:5      | Entered Level 5 of the Dungeon
  3664 | D:5      | Got a clouded lapis lazuli ring
  3687 | D:5      | Reached skill level 9 in Earth Magic
  3764 | D:5      | Reached XP level 8. HP: 41/57 MP: 13/13
  3974 | D:5      | Identified the ring "Kuxupt" {+Fly rC+ MR++ MP+9 AC+1} (You took it off a hobgoblin on level 5 of the Dungeon)
  4323 | D:5      | Reached skill level 10 in Earth Magic
  4328 | D:5      | Learned a level 2 spell: Stoneskin
  4332 | D:5      | Learned a level 3 spell: Stone Arrow
  4353 | D:5      | Found Xamuwy Xucu's General Store.
  4358 | D:5      | Bought a scroll of identify for 26 gold pieces
  4733 | D:6      | Reached skill level 11 in Earth Magic
  4782 | D:6      | Got a shimmering steel ring
  4786 | D:6      | Identified the ring of Teih {rPois MP+9 SInv} (You found it on level 6 of the Dungeon)
  4994 | D:6      | Found a staircase to the Ecumenical Temple.
  5165 | D:7      | Found a sparkling altar of Nemelex Xobeh.
  5322 | D:7      | Reached XP level 9. HP: 55/62 MP: 14/14
  5764 | D:7      | Noticed Menkaure
  5891 | D:7      | Found a deep blue altar of Sif Muna.
  5893 | D:7      | Found a radiant altar of Vehumet.
  5893 | D:7      | Found an ancient bone altar of Kikubaaqudgha.
  5899 | D:7      | Identified Vehumet's Reference Book on Battle Magic
  5906 | D:7      | Identified Sif Muna's Papyrus of Changing
  5913 | D:7      | Identified Kikubaaqudgha's Catalogue of Darkness
  5974 | D:7      | HP: 2/62 [orc warrior/war axe of chopping (5)]
  5976 | D:7      | Slain by an orc warrior

Vault maps used:
D:1:      dpeg_arrival_rhombus
D:2:      minitemple, serial_corexii_hall, corexii_hall_statues_i,
          corexii_hall_statues_l, corexii_hall_statues_s, grunt_ministairs_12,
          serial_bayou_lake_a, uniq_natasha, uniq_crazy_yiuf_cottage
D:3:      nicolae_overflow_crystal_walls, uniq_sigmund
D:4:      gammafunk_temple_overflow_pools, first_bread
D:5:      serial_shops, nicolae_shop_stone
D:6:      lemuel_temple_firewalk_marked
D:7:      grunt_temple_overflow_magic_moments, nemelex_lonely_heart_becter,
          uniq_menkaure

Action                   |  1- 3 |  4- 6 |  7- 9 || total
-------------------------+-------+-------+-------++-------
Melee: Quarterstaff      |       |    84 |   268 ||   352
 Cast: Sandblast         |    51 |    47 |    60 ||   158
       Stone Arrow       |       |       |     3 ||     3
Evoke: Wand              |       |     1 |     3 ||     4
  Use: Scroll            |       |       |     7 ||     7
 Stab: Paralysed         |       |     2 |       ||     2
       Sleeping          |       |     1 |     2 ||     3
       Confused          |       |     1 |     1 ||     2
  Eat: Chunk             |     1 |     6 |    11 ||    18
